 Dungeon Crawl Stone Soup version 0.31-a0-700-gf13585253f (webtiles) character file.

Game seed: 12430640391021737853

1782 Fodor the Basher (level 8, 0/71 HPs)
             Began as a Minotaur Fighter on Sept 7, 2023.
             Slain by an orc warrior
             ... wielding a +0 scimitar
              (4 damage)
             ... on level 8 of the Dungeon.
             The game lasted 00:28:06 (4610 turns).

Fodor the Basher (Minotaur Fighter)                 Turns: 4610, Time: 00:28:07

Health: 0/71       AC: 18    Str: 23    XL:     8   Next: 81%
Magic:  7/7        EV:  7    Int:  5    God:
Gold:   177        SH:  7    Dex: 10    Spells: 7/7 levels left

rFire   + . .        o - +0 flail
rCold   x . .        t - +2 buckler {reflect}
rNeg    . . .        b - +0 plate armour
rPois   +            g - +1 hat
rElec   .            x - +0 cloak
rCorr   .            q - +1 pair of gloves
SInv    .            (no boots)
Will    .....        (no amulet) Stlth
                     a - ring of fire
HPRegen 0.31/turn    r - ring of poison resistance
MPRegen 0.10/turn

%: reflection
@: attractive
A: horns 2, retaliatory headbutt
a: no special abilities


You were on level 8 of the Dungeon.
You visited 1 branch of the dungeon, and saw 6 of its levels.

You collected 177 gold pieces.

Inventory:

Hand Weapons
 o - a +0 flail (weapon)
Missiles
 l - 5 boomerangs
 n - 3 poisoned darts
 y - 5 datura-tipped darts (quivered)
Armour
 b - a +0 plate armour (worn)
 g - a +1 hat (worn)
 q - a +1 pair of gloves (worn)
 t - a +2 buckler of reflection (worn)
 x - a +0 cloak (worn)
Jewellery
 a - a ring of fire (left hand)
 r - a ring of poison resistance (right hand)
Talismans
 c - a blade talisman
Wands
 v - a wand of flame (10)
 z - a wand of polymorph (1)
Scrolls
 e - a scroll of blinking {unknown}
 f - 2 scrolls of immolation
 h - 2 scrolls of identify
 i - a scroll of fog {unknown}
 j - 2 scrolls of silence {unknown}
 m - a scroll of noise {unknown}
 s - a scroll of enchant armour {unknown}
 u - 2 scrolls of vulnerability {unknown}
 w - a scroll of poison {unknown}
Potions
 d - 2 potions of might
 k - 2 potions of haste
 p - 4 potions of enlightenment


   Skills:
 + Level 6.5 Fighting
 + Level 3.6 Long Blades
 + Level 8.0 Maces & Flails
 + Level 0.1 Throwing
 + Level 7.8 Armour
 + Level 1.1 Dodging
 + Level 0.3 Stealth
 + Level 6.5 Shields


You had 7 spell levels left.
You didn't know any spells.
Your spell library contained the following spells:

 Spells                   Type           Power      Damage    Failure   Level
 Apportation              Tloc           0%         N/A       100%        1
 Necrotise                Necr           0%         1d4       100%        1
 Shock                    Conj/Air       0%         1d3       100%        1
 Summon Small Mammal      Summ           0%         N/A       100%        1
 Swiftness                Air            0%         N/A       100%        3
 Volatile Blastmotes      Fire/Tloc      0%         2d10      100%        3
 Airstrike                Air            0%         2d(0-16)  100%        4
 Fulminant Prism          Conj/Hex       0%         3d5       100%        4
 Iskenderun's Mystic Bla  Conj/Tloc      0%         2d3       100%        4


Dungeon Overview and Level Annotations

Branches:
Dungeon (8/15)
 Temple: D:4-7         Lair: D:8-11

Altars:
Ashenzari
Dithmenos

Shops:
D:2 [   D:3 (


Innate Abilities, Weirdness & Mutations

You have a pair of horns on your head.
You reflexively headbutt those who attack you in melee.


Message History

The hornet stings you.
* * * LOW HITPOINT WARNING * * *
The orc priest hits you but does no damage.
The hornet stings you!
* * * LOW HITPOINT WARNING * * *
You hit the hornet.
You kill the hornet!
You feel yourself speed up.
You feel very sick. The orc priest barely misses you.
Your Maces & Flails skill increases to level 8!
You feel sick.
The orc priest looks encouraged for a moment.
You see here a hornet corpse.
You feel sick. The orc priest hits you with a +0 club.
* * * LOW HITPOINT WARNING * * *
It was a potion of attraction.
You feel attractive to monsters.
* * * LOW HITPOINT WARNING * * *
You feel sick. The orc priest barely misses you. You furiously retaliate!
You headbutt the orc priest, but do no damage.
You bludgeon the orc priest!!
You kill the orc priest!
* * * LOW HITPOINT WARNING * * *
You feel sick.
* * * LOW HITPOINT WARNING * * *
You feel sick.
You see here a +0 club.
* * * LOW HITPOINT WARNING * * *
You feel sick.
You start resting.
* * * LOW HITPOINT WARNING * * *
You feel sick.
You are no longer poisoned.
You start resting.
The orc warrior is attracted toward you.
The orc warrior shouts!
You hear a shout!
The orc warrior is attracted toward you.
The orc warrior hits you with a +0 scimitar.
You die...

#.............#....##
##....
#.########+#####..###
##... #..### #....##
##.. #....# ##.....##
##. #.)..##
#...#...### ##
#.....#
#.......§.#### #
##....#
#...§.##.....# #....#
#.o...####....#
###..# #@†...#
.o....#
##.#########.....#
.......
#..............##
.......
###............#
.......
##...........#
.....o.
#...........##
....... ##.........##
##.......## ###....##


You could see an orc warrior.

Vanquished Creatures
  A deep elf pyromancer (D:8)
  An ugly thing (D:8)
  A hornet (D:8)
  A water moccasin (D:8)
  Duvessa (D:4)
  An ice beast (D:8)
  A black bear (D:4)
  A scorpion (D:5)
  Dowan (D:4)
  2 hounds
  An orc priest (D:8)
  A sleepcap (D:8)
  2 orc wizards
  2 adders
  2 worms
  A dart slug (D:2)
  14 orcs
  3 bats (D:3)
  5 endoplasms
  2 giant cockroaches
  8 goblins
  7 hobgoblins
  3 jackals (D:1)
  3 quokkas
  7 ball pythons
  3 frilled lizards
  5 kobolds
  3 rats (D:1)
83 creatures vanquished.

Notes
Turn   | Place    | Note
-------+----------+-------------------------------------------
     0 | D:1      | Fodor the Minotaur Fighter began the quest for the Orb.
     0 | D:1      | Reached XP level 1. HP: 19/19 MP: 0/0
   203 | D:1      | Reached XP level 2. HP: 24/27 MP: 1/1
   716 | D:2      | Reached XP level 3. HP: 32/33 MP: 2/2
   772 | D:2      | Found Kogigof's Armour Shop.
  1904 | D:3      | Found Bynucs's Weapon Boutique.
  2219 | D:4      | Reached XP level 4. HP: 40/40 MP: 3/3
  2273 | D:4      | Noticed a black bear
  2284 | D:4      | Killed a black bear
  2285 | D:4      | Reached skill level 1 in Maces & Flails
  2285 | D:4      | Reached skill level 5 in Shields
  2285 | D:4      | Reached XP level 5. HP: 38/46 MP: 4/4
  2421 | D:4      | Found a broken altar of Ashenzari.
  2511 | D:4      | Reached skill level 5 in Armour
  2540 | D:4      | Reached skill level 2 in Maces & Flails
  2985 | D:4      | Noticed Dowan
  2986 | D:4      | Noticed Duvessa
  3001 | D:4      | Killed Duvessa
  3002 | D:4      | Reached skill level 3 in Maces & Flails
  3002 | D:4      | Reached XP level 6. HP: 24/55 MP: 5/5
  3010 | D:4      | Killed Dowan
  3243 | D:5      | Entered Level 5 of the Dungeon
  3484 | D:5      | Reached skill level 4 in Maces & Flails
  3490 | D:5      | Reached skill level 5 in Fighting
  3633 | D:5      | Found a shadowy altar of Dithmenos.
  3777 | D:5      | Upgraded the game from 0.31-a0-691-g409c26aa35 to
                  | 0.31-a0-700-gf13585253f
  3825 | D:5      | You fall into a shaft and drop 3 floors!
  3843 | D:8      | Noticed a purple ugly thing
  3857 | D:8      | Killed a purple ugly thing
  3858 | D:8      | Reached skill level 5 in Maces & Flails
  3858 | D:8      | Reached XP level 7. HP: 32/61 MP: 6/6
  4004 | D:8      | Reached skill level 6 in Maces & Flails
  4140 | D:8      | Noticed a deep elf pyromancer
  4148 | D:8      | Noticed a fire elemental
  4157 | D:8      | Noticed a fire elemental
  4158 | D:8      | HP: 3/61 [fire elemental[a deep elf pyromancer] (4)]
  4160 | D:8      | Noticed a fire elemental
  4160 | D:8      | Noticed a fire elemental
  4161 | D:8      | Killed a deep elf pyromancer
  4162 | D:8      | Reached skill level 7 in Maces & Flails
  4162 | D:8      | Reached XP level 8. HP: 2/70 MP: 7/7
  4453 | D:8      | Reached skill level 1 in Dodging
  4570 | D:8      | Noticed a hornet
  4590 | D:8      | Paralysed by a hornet for 2 turns
  4593 | D:8      | Killed a hornet
  4594 | D:8      | Reached skill level 8 in Maces & Flails
  4597 | D:8      | HP: 3/71 [poisoned by a hornet]
  4600 | D:8      | HP: 1/71 [poisoned by a hornet]
  4610 | D:8      | Slain by an orc warrior

Illustrated notes

Levels and vault maps discovered:
D:1:      elethiomel_arrival_maze, layout_rooms, kennysheep_minor_cross
D:2:      layout_loops_ring, serial_shops, shop
D:3:      layout_basic, serial_shops, nicolae_shop_tiny_statue_garden,
          kennysheep_cluttered_room, kennysheep_generic_room_6
D:4:      layout_loops_ring, nicolae_ashenzari_panopticon, uniq_duvessa
D:5:      nicolae_cairo_tiling_very_big, layout_basic, lemuel_tele_altar
D:8:      minmay_opposing_rooms, layout_cave_pods, lair_entry_dummy

Skill      XL: |  1  2  3  4  5  6  7  8 |
---------------+-------------------------+-----
Armour         | 4 5 6 7 |  7.8
Shields        | 4 5 6 |  6.5
Long Blades    | 3 |  3.6
Fighting       | 4 5 6 |  6.5
Maces & Flails | 1 3 5 7 8 |  8.0
Dodging        | 1 |  1.1
Throwing       | |  0.1
Stealth        | |  0.3

Action                     |  1- 3 |  4- 6 |  7- 9 || total
---------------------------+-------+-------+-------++-------
  Melee: Long sword        |    91 |       |       ||    91
         Headbutt          |    19 |    24 |     3 ||    46
         Flail             |    18 |   118 |    64 ||   200
  Throw: Boomerang         |       |     2 |       ||     2
    Use: Scroll            |       |       |     3 ||     3
         Potion            |       |       |     3 ||     3
 Armour: Plate armour      |   111 |   121 |    93 ||   325
         Scale mail        |     1 |       |       ||     1
  Dodge: Dodged            |    31 |    36 |    12 ||    79
  Block: Buckler           |    20 |    38 |    24 ||    82
         Kite shield       |    42 |       |       ||    42
         Reflection        |     2 |       |       ||     2

Table legend: (Time is in decaauts)
 A = Elapsed time spent in this place.
 B = Non-inter-level travel time spent in this place.
 C = Inter-level travel time spent in this place.
 D = Time resting spent in this place.
 E = Time spent auto-exploring this place.
 F = Levels seen in this place.
 G = Mean time per level.
                   A        B        C        D        E       F      G
               +--------+--------+--------+--------+--------+-----+--------+
         Total |   4671 |   4448 |    223 |    487 |      0 |   6 |  778.5 |
       Dungeon |   4671 |   4448 |    223 |    487 |      0 |   6 |  778.5 |
               +--------+--------+--------+--------+--------+-----+--------+

Top non-repeatable levels by time:
     D:4: 1059 daAuts
     D:3: 936 daAuts
     D:8: 774 daAuts
     D:1: 671 daAuts
     D:2: 640 daAuts
     D:5: 589 daAuts
